 Dungeon Crawl Stone Soup version 0.28.0-53-g5a82cb258f (webtiles) character file.

Game seed: 10808332225778096003

14476 Peloso the Carver (level 11, 0/101 HPs)
             Began as a Minotaur Fighter on May 30, 2022.
             Was a High Priest of Okawaru.
             Slain by a six-headed hydra (4 damage)
             ... on level 11 of the Dungeon.
             The game lasted 00:27:46 (15506 turns).

Peloso the Carver (Minotaur Fighter)               Turns: 15506, Time: 00:27:47

Health: 0/101      AC: 17    Str: 28    XL:     11   Next: 89%
Magic:  10/10      EV: 10    Int:  5    God:    Okawaru [*****.]
Gold:   1356       SH:  6    Dex: 13    Spells: 10/10 levels left

rFire   + . .      SeeInvis +   b - +2 scimitar (flame)
rCold   . . .      Faith    .   c - +0 buckler
rNeg    . . .      Spirit   .   L - +2 chain mail {rF+}
rPois   .          Reflect  .   (helmet restricted)
rElec   .          Harm     .   n - +0 cloak
rCorr   .          Rampage  .   f - +0 pair of gloves
Will    .....                   (no boots)
Stlth   ..........              (no amulet)
HPRegen 0.26/turn               e - ring of see invisible
MPRegen 0.12/turn               z - +6 ring of strength

@: no status effects
A: horns 2, retaliatory headbutt
a: Renounce Religion, Heroism, Finesse, Duel


You were on level 11 of the Dungeon.
You worshipped Okawaru.
Okawaru was extremely pleased with you.
You visited 2 branches of the dungeon, and saw 12 of its levels.
You also visited: Sewer, Ossuary and Bailey.

You collected 1619 gold pieces.
You spent 263 gold pieces at shops.

Inventory:

Hand Weapons
 a - the +12 long sword "Koap" {vorpal, *Noise rC++ rN+ rCorr}
   (You bought it in a shop on level 5 of the Dungeon)

   It inflicts extra damage upon your enemies.
   rC:        It greatly protects you from cold.
   rN:        It protects you from negative energy.
   *Noise:    It may make noises in combat.
   rCorr:     It protects you from acid and corrosion.
 b - a +2 scimitar of flaming (weapon)
Missiles
 H - a throwing net (quivered)
Armour
 c - a +0 buckler (worn)
 f - a +0 pair of gloves (worn)
 n - a +0 cloak (worn)
 o - a +0 plate armour
 L - a +2 chain mail of fire resistance (worn)
Jewellery
 e - a ring of see invisible (left hand)
 r - a ring of willpower
 z - a +6 ring of strength (right hand)
 F - a ring of magical power
 N - a ring of positive energy
 O - a +6 ring of intelligence
Wands
 k - a wand of acid (18)
 D - a wand of flame (8)
 G - a wand of digging (8)
 J - a wand of paralysis (5)
Scrolls
 g - 8 scrolls of teleportation
 h - 2 scrolls of enchant weapon
 i - 4 scrolls of amnesia
 p - 2 scrolls of identify
 s - a scroll of acquirement
 u - a scroll of holy word
 v - a scroll of noise
 w - 2 scrolls of immolation {unknown}
 y - 4 scrolls of magic mapping {unknown}
 C - 2 scrolls of fog
 K - a scroll of summoning
 M - a scroll of fear {unknown}
Potions
 d - a potion of ambrosia
 j - 4 potions of haste
 l - a potion of magic
 m - 3 potions of might
 q - a potion of brilliance
 t - 4 potions of invisibility
 x - 5 potions of curing
 A - a potion of cancellation
 B - a potion of heal wounds
 E - 2 potions of mutation
 I - a potion of resistance


   Skills:
 + Level 10.7 Fighting
 + Level 14.4 Long Blades
 + Level 12.4 Armour
 + Level 3.9 Dodging
 + Level 1.2 Stealth
 + Level 8.3 Shields
 + Level 1.2 Invocations
 + Level 1.0 Evocations


You had 10 spell levels left.
You didn't know any spells.
Your spell library contained the following spells:

 Spells                   Type           Power      Damage    Failure   Level
 Magic Dart               Conj           0%         1d3       95%         1
 Pain                     Necr           0%         1d4       95%         1
 Sting                    Tmut/Pois      0%         1d3       95%         1
 Blink                    Tloc           0%         N/A       98%         2
 Corpse Rot               Necr/Air       0%         N/A       98%         2
 Poisonous Vapours        Pois/Air       0%         N/A       98%         2
 Searing Ray              Conj           0%         2d4       98%         2
 Sublimation of Blood     Necr           0%         N/A       98%         2
 Inner Flame              Hex/Fire       0%         N/A       100%        3
 Vampiric Draining        Necr           0%         2d6       100%        3
 Anguish                  Hex/Necr       0%         N/A       100%        4
 Cause Fear               Hex            0%         N/A       100%        4
 Fulminant Prism          Conj/Hex       0%         3d6       100%        4
 Olgreb's Toxic Radiance  Pois           0%         N/A       100%        4
 Petrify                  Tmut/Erth      0%         N/A       100%        4
 Irradiate                Conj/Tmut      0%         3d14      100%        5
 Manifold Assault         Tloc           0%         N/A       100%        5
 Enfeeble                 Hex            0%         N/A       100%        7
 Storm Form               Tmut/Air       0%         N/A       100%        7
 Discord                  Hex            0%         N/A       100%        8
 Animate Skeleton         Necr           Unusable   N/A       N/A         1
 Tukima's Dance           Hex            Unusable   N/A       N/A         3

Dungeon Overview and Level Annotations

Branches:
Dungeon (11/15)            Temple (1/1) D:6            Lair (0/6) D:9
  Sewer (visited)         Ossuary (visited)          Bailey (visited)
    Orc: D:9-12

Altars:
Ashenzari
Fedhas
Gozag
Hepliaklqana
Makhleb
Okawaru
Ru
Sif Muna
Trog
Uskayaw
Vehumet
Wu Jian
Xom
Yredelemnul
Zin
The Shining One

Shops:
D:5 (   D:7 *


Innate Abilities, Weirdness & Mutations

You have a pair of horns on your head.
You reflexively headbutt those who attack you in melee.


Message History

The orc priest looks satisfied for a moment.
Your +2 scimitar of flaming bursts into flame!
b - a +2 scimitar of flaming (weapon)
Unknown command.
You slice one of the eight-headed hydra's heads off!
The flame cauterises the wound!
You slash the seven-headed hydra! You burn the seven-headed hydra.
You headbutt the seven-headed hydra.
The seven-headed hydra is moderately wounded.
You block the seven-headed hydra's attack.
The seven-headed hydra bites you but does no damage.
The seven-headed hydra bites you. The seven-headed hydra bites you!
The seven-headed hydra barely misses you.
The seven-headed hydra bites you!
* * * LOW HITPOINT WARNING * * *
You block the seven-headed hydra's attack.
You hack one of the seven-headed hydra's heads off!
The flame cauterises the wound!
You hit the six-headed hydra. You burn the six-headed hydra.
The six-headed hydra is moderately wounded.
You block the six-headed hydra's attack.
The six-headed hydra bites you!
* * * LOW HITPOINT WARNING * * *
The six-headed hydra closely misses you.
The six-headed hydra bites you but does no damage.
The six-headed hydra bites you.
* * * LOW HITPOINT WARNING * * *
The six-headed hydra bites you but does no damage.
Unknown command.
Okay, then.
The orc priest miscasts a cantrip.
The orc priest mumbles some strange prayers to Beogh against you.
Beogh smites you!
* * * LOW HITPOINT WARNING * * *
There is a stone staircase leading up here.
The six-headed hydra bites you but does no damage.
The six-headed hydra barely misses you.
You block the six-headed hydra's attack.
The six-headed hydra bites you but does no damage. x2
The six-headed hydra bites you.
You die...

######### ####
#.......# #...
#.#####.# #.#.
#.#####.#######..#
#.##....o.o..o....
#.......#######.##
#.......# #.##
#.O.....## #..
#@D......# ####
#........#
#........#
#........#
########.# #.# #.#
#.# ..#


You could see a six-headed hydra, a two-headed ogre and an orc warrior.

Vanquished Creatures
  Harold (D:10)
  Erica (D:8)
  A two-headed ogre (D:11)
  2 orc knights (Bailey)
  An orc sorcerer (Bailey)
  A kobold demonologist (Bailey)
  4 trolls
  Sigmund (D:3)
  13 yaks
  6 humans (D:10)
  A warg (D:11)
  2 acid dragons (D:9)
  A water moccasin (D:7)
  12 orc warriors
  3 hornet zombies
  An ice beast (D:6)
  5 ogres
  2 black bears
  5 wolves (D:9)
  2 centaurs (D:9)
  A phantom (D:4)
  2 kobold brigands
  4 bullfrogs
  A scorpion (D:6)
  3 wyvern zombies (Ossuary)
  A water moccasin zombie (Ossuary)
  14 killer bees
  9 wights
  10 electric eels
  2 howler monkeys (D:9)
  9 bullfrog zombies
  A gnoll shaman (D:5)
  6 centaur zombies
  2 jellies
  5 hounds
  Crazy Yiuf (D:4)
  3 orc priests
  Jessica (D:2)
  2 bullfrog skeletons
  4 iguanas
  Terence (D:3)
  Natasha (thrice) (D:3)
  9 orc wizards
  Ijyb (D:3)
  4 killer bee zombies
  12 mummies
  A howler monkey zombie (Ossuary)
  Robin (D:2)
  15 gnolls
  9 adders
  5 river rats (Sewer)
  A shadow imp (D:7)
  3 white imps
  An ufetubus (D:5)
  A worm (D:2)
  2 dart slugs
  45 orcs
  5 endoplasms
  2 giant cockroaches
  23 goblins
  12 hobgoblins
  5 quokkas
  18 ball pythons
  9 bats
  7 frilled lizards
  16 kobolds
  36 rats
393 creatures vanquished.

Vanquished Creatures (others)
  7 withered plants (Ossuary)
7 creatures vanquished.

Grand Total: 400 creatures vanquished

Notes
Turn   | Place    | Note
-------+----------+-------------------------------------------
     0 | D:1      | Peloso the Minotaur Fighter began the quest for the Orb.
     0 | D:1      | Reached XP level 1. HP: 19/19 MP: 0/0
   261 | D:1      | Reached XP level 2. HP: 21/27 MP: 1/1
   797 | D:2      | Noticed Robin
   804 | D:2      | Reached XP level 3. HP: 33/33 MP: 2/2
   815 | D:2      | Killed Robin
   991 | D:2      | Found a glowing silver altar of Zin.
  1006 | D:2      | Reached skill level 3 in Long Blades
  1015 | D:2      | Reached XP level 4. HP: 31/40 MP: 3/3
  1387 | D:2      | Found a faded altar of an unknown god.
  1804 | D:3      | Noticed Sigmund
  1810 | D:3      | Killed Sigmund
  1811 | D:3      | Reached skill level 4 in Long Blades
  1811 | D:3      | Reached skill level 5 in Armour
  1811 | D:3      | Reached skill level 1 in Dodging
  1811 | D:3      | Reached XP level 5. HP: 37/47 MP: 4/4
  1926 | D:3      | Noticed Ijyb
  1939 | D:3      | Killed Ijyb
  1940 | D:3      | Reached XP level 6. HP: 26/55 MP: 5/5
  2141 | D:3      | Noticed Natasha
  2148 | D:3      | Killed Natasha
  2149 | D:3      | Reached skill level 5 in Fighting
  2161 | D:3      | Reached skill level 5 in Long Blades
  2396 | D:3      | Noticed Natasha
  2402 | D:3      | Killed Natasha
  2477 | D:3      | Noticed Natasha
  2487 | D:3      | Killed Natasha
  2545 | D:3      | Noticed Jessica
  2853 | D:2      | Killed Jessica
  3055 | D:3      | Reached XP level 7. HP: 61/61 MP: 6/6
  3134 | D:3      | Noticed Terence
  3147 | D:3      | Killed Terence
  3169 | D:3      | Found a broken altar of Ashenzari.
  3344 | D:4      | Found a hide-covered altar of Uskayaw.
  3526 | D:4      | Reached skill level 6 in Long Blades
  3704 | D:4      | Found a sand-covered staircase.
  3714 | Ossuary  | Entered an ossuary
  3782 | Ossuary  | Reached skill level 7 in Long Blades
  3801 | Ossuary  | Reached skill level 5 in Shields
  3826 | Ossuary  | Reached XP level 8. HP: 49/70 MP: 7/7
  3859 | Ossuary  | Reached skill level 1 in Stealth
  4020 | Ossuary  | Reached skill level 8 in Long Blades
  4120 | Ossuary  | HP: 3/71 [mummy (9)]
  4648 | Ossuary  | Reached skill level 9 in Long Blades
  5346 | D:4      | Reached XP level 9. HP: 41/79 MP: 8/8
  5774 | D:4      | Found a runed translucent door.
  5775 | D:4      | Noticed Crazy Yiuf
  6259 | D:4      | Killed Crazy Yiuf
  6520 | D:5      | Entered Level 5 of the Dungeon
  6648 | D:5      | Found a glowing drain.
  6657 | Sewer    | Entered a sewer
  7311 | D:5      | Found Ocsopsof's Antique Weapon Boutique.
  7324 | D:5      | Bought a smouldering long sword for 263 gold pieces
  7324 | D:5      | Identified the +12 long sword "Koap" {vorpal, *Noise rC++
                  | rN+ rCorr} (You bought it in a shop on level 5 of the
                  | Dungeon)
  7422 | D:5      | Reached skill level 10 in Long Blades
  8360 | D:6      | Found a staircase to the Ecumenical Temple.
  8371 | Temple   | Entered the Ecumenical Temple
  8379 | Temple   | Became a worshipper of Warmaster Okawaru
  8414 | D:6      | Noticed a troll
  8419 | D:6      | Killed a troll
  8558 | D:6      | Found a burning altar of Makhleb.
  8605 | D:6      | Reached skill level 11 in Long Blades
  8817 | D:7      | Reached * piety under Okawaru
  8834 | D:7      | Reached XP level 10. HP: 39/88 MP: 9/9
  9329 | D:7      | Found Diom's Hallowed Reliquary.
  9329 | D:7      | Noticed an angel
  9651 | D:7      | Reached skill level 10 in Armour
 10372 | D:8      | Noticed Erica
 10382 | D:8      | Killed Erica
 10382 | D:8      | Reached ** piety under Okawaru
 10730 | D:9      | Reached skill level 12 in Long Blades
 11080 | D:9      | Found a bloodstained altar of Trog.
 11297 | D:9      | Reached *** piety under Okawaru
 11407 | D:9      | Reached **** piety under Okawaru
 11408 | D:9      | Reached skill level 13 in Long Blades
 11519 | D:9      | Reached XP level 11. HP: 65/97 MP: 10/10
 11883 | D:9      | Found a staircase to the Lair.
 11899 | D:9      | Found a glowing golden altar of the Shining One.
 12352 | D:10     | Entered Level 10 of the Dungeon
 12415 | D:10     | Found a flagged portal.
 12430 | Bailey   | Entered a bailey
 12466 | Bailey   | Noticed an orc knight
 12483 | Bailey   | Killed an orc knight
 12496 | Bailey   | Noticed an orc knight
 12507 | Bailey   | Killed an orc knight
 12689 | Bailey   | Reached skill level 10 in Fighting
 12690 | Bailey   | Noticed an orc sorcerer
 12692 | Bailey   | Paralysed by an orc sorcerer for 4 turns
 12701 | Bailey   | Paralysed by an orc sorcerer for 3 turns
 12705 | Bailey   | Killed an orc sorcerer
 12793 | Bailey   | Identified the +3 falchion of Melee {freeze, rF+ Str-5
                  | Dex+3 Stlth+}
 13214 | Bailey   | Found an iron altar of Okawaru.
 13743 | Bailey   | Acquired 928 gold pieces
 14439 | D:10     | Reached skill level 14 in Long Blades
 14534 | D:10     | Found a radiant altar of Vehumet.
 14668 | D:10     | Reached ***** piety under Okawaru
 14978 | D:10     | Noticed Harold
 14992 | D:10     | Killed Harold
 15258 | D:10     | Reached skill level 1 in Invocations
 15450 | D:11     | Noticed a two-headed ogre
 15468 | D:11     | Killed a two-headed ogre
 15468 | D:11     | Received a gift from Okawaru
 15469 | D:11     | Reached skill level 1 in Evocations
 15470 | D:11     | Noticed a two-headed ogre
 15473 | D:11     | Noticed an eight-headed hydra
 15503 | D:11     | HP: 3/101 [orc priest/divine providence (13)]
 15506 | D:11     | Slain by a six-headed hydra

Illustrated notes

Levels and vault maps discovered:
D:1:      wander_arrival_chamber, layout_rooms, kennysheep_doodads,
          minmay_tree_intersection, chequers_decorated_corner, hex_large
D:2:      layout_basic, basic_altar, shapermc_ecumenical_altar_mp_vishouse,
          kennysheep_generic_room_7, uniq_robin
D:3:      layout_rooms, nicolae_ashenzari_skybound, uniq_terence, uniq_jessica,
          uniq_sigmund, uniq_natasha, uniq_ijyb
D:4:      minmay_wonky_spiral, layout_layer_cave,
          mainiacjoe_overflow_small_starburst, gup_ossuary_entry_pyramid,
          uniq_crazy_yiuf_cottage
D:5:      layout_layer_cave, portal_sewer_entry_d, serial_shops,
          nicolae_shop_hallway_stairs
D:6:      layout_cave_pools, kennysheep_mini, minmay_temple_entry_trees,
          nrook_loot_triangle, minmay_misc_feat_rows
D:7:      layout_basic, nicolae_good_shop
D:8:      layout_basic, uniq_erica
D:9:      layout_basic, mainiacjoe_overflow_tiny_flanked, trog_book,
          erik_lair_island
D:10:     layout_stronghold, mainiacjoe_overflow_concentric_impassable,
          enter_bailey_5, minmay_ruffians, uniq_harold
D:11:     layout_loops_cross, erik_orc_4
Temple:   lightli_temple_of_artemis

Skill      XL: |  1  2  3  4  5  6  7  8  9 10 11 |
---------------+----------------------------------+-----
Armour         | 4 5 6 8 9 11 12 | 12.4
Shields        | 4 5 6 7 8 |  8.3
Fighting       | 4 5 7 8 9 10 | 10.7
Long Blades    | 3 4 5 7 9 11 13 14 | 14.4
Dodging        | 1 2 3 |  3.9
Stealth        | 1 |  1.2
Invocations    | 1 |  1.2
Evocations     | 1 |  1.0

Action                   |  1- 3 |  4- 6 |  7- 9 | 10-12 || total
-------------------------+-------+-------+-------+-------++-------
Melee: Long sword        |    61 |    96 |   414 |   343 ||   914
       Headbutt          |     7 |    12 |    91 |    60 ||   170
       Unarmed           |       |     3 |       |       ||     3
       Scimitar          |       |       |       |     2 ||     2
Invok: Heroism           |       |       |       |     6 ||     6
Evoke: Wand              |       |       |       |     9 ||     9
  Use: Potion            |     1 |       |     5 |     1 ||     7
       Scroll            |       |       |     8 |    13 ||    21
 Stab: Distracted        |       |       |     1 |       ||     1
Armor: Scale mail        |    39 |    68 |       |       ||   107
       Skin              |       |     1 |       |       ||     1
       Plate armour      |       |       |   278 |    99 ||   377
       Chain mail        |       |       |       |    56 ||    56
Dodge: Dodged            |    40 |    41 |   221 |   124 ||   426
Block: Buckler           |    11 |    19 |   132 |    78 ||   240
